 Dungeon Crawl Stone Soup version 0.29-a0-319-gad05b8d819 (webtiles) character file.

Game seed: 2517465957061518928

401 enile the Skirmisher (level 6, 29/66 HPs)
             Began as a Mayflytaur Wanderer on Apr 1, 2022.
             Tarried too long and was consumed by Zot
             ... on level 4 of the Dungeon.
             The game lasted 00:07:10 (2378 turns).

enile the Skirmisher (Mayflytaur Wanderer)          Turns: 2378, Time: 00:07:10

Health: 29/66      AC:  3    Str: 13    XL:     6   Next: 85%
Magic:  7/7        EV: 14    Int: 13    God:
Gold:   113        SH:  0    Dex: 17    Spells: 5/5 levels left

rFire   . . .      SeeInvis .   l - +0 whip (vamp)
rCold   . . .      Faith    .   (no shield)
rNeg    . . .      Spirit   .   e - +0 leather armour
rPois   .          Reflect  .   (no helmet)
rElec   .          Harm     .   (no cloak)
rCorr   .          Rampage  .   (no gloves)
Will    .....                   (no boots)
Stlth   +++.......              (no amulet)
HPRegen 0.21/turn               (no ring)
MPRegen 0.20/turn               (no ring)

@: flying, bezotted
A: damage resistance, big wings, sense surroundings 1, magic regeneration, short
lifespan, talons 1
a: no special abilities


You were on level 4 of the Dungeon.
You visited 1 branch of the dungeon, and saw 4 of its levels.

You collected 113 gold pieces.

Inventory:

Hand Weapons
 a - a +0 dagger
 l - a +0 vampiric whip (weapon)
 m - a +0 dagger of venom
Missiles
 d - 8 boomerangs (quivered)
Armour
 e - a +0 leather armour (worn)
Jewellery
 j - a ring of positive energy
Scrolls
 c - 2 scrolls of fog
 g - a scroll of teleportation
 h - 4 scrolls of enchant weapon {unknown}
Potions
 f - a potion of haste {unknown}
 i - a potion of mutation
 k - a potion of might


   Skills:
 - Level 7.0 Fighting
 - Level 2.6 Throwing
 + Level 2.0 Armour
 - Level 5.0 Dodging
 - Level 4.0 Stealth


You had 5 spell levels left.
You didn't know any spells.
Your spell library contained the following spells:

 Spells                   Type           Power      Damage    Failure   Level
 Beastly Appendage        Tmut           0%         N/A       36%         1
 Wereblood                Tmut           0%         N/A       52%         2
 Spider Form              Tmut/Pois      0%         N/A       75%         3


Dungeon Overview and Level Annotations

Branches:
Dungeon (4/15)
 Temple: D:4-7

Altars:

Annotations:
D:1 1 runed translucent door
D:3 1 runed translucent door, Crazy Yiuf


Innate Abilities, Weirdness & Mutations

You are resistant to damage.
Your large and strong wings let you fly.
You passively map a small area around you.
You regenerate magic rapidly.
You are easily found by Zot.
You have sharp toenails.


Message History

The adder completely misses you.
You hit the adder.
The adder is heavily wounded.
The adder closely misses you. The adder bites you.
You are more poisoned.
The adder poisons you!
You barely miss the adder. Your kick misses the adder.
The adder is heavily wounded.
The adder misses you.
You barely miss the adder. You claw the adder.
The adder is almost dead.
The adder bites you.
You hit the adder.
You feel better.
You kill the adder!
Your Armour skill increases to level 2!
You see here an adder corpse.
You are no longer poisoned.
(D) Dungeon
Where to? (Enter - D:3, ? - help)
The orc warrior shouts!
You hit the orc warrior but do no damage.
You punch the orc warrior, but do no damage.
The orc warrior hits you with a +0 flail!
The orc warrior hits you with a +0 flail.
The orc warrior hits you with a +0 flail!
The orc warrior attacks as you move away!
The orc warrior hits you with a +0 flail!
Throw: throwing net
Press: ? - help, Q - select action, (/) - cycle Shift-Dir - straight line, f/p - orc warrior
Aim: an orc warrior, wielding a +0 flail and wearing a +0 plate armour (64% to hit)
You throw a throwing net. The throwing net hits the orc warrior.
The orc warrior is caught in the net!
The orc warrior struggles against the net.
The orc warrior struggles against the net.
The orc warrior struggles against the net.
The orc warrior struggles against the net.
The orc warrior struggles against the net.
The net rips apart, and the orc warrior comes free!
Zot has found you!
You die...

######## #..#.#.#.#.# #...
####......# #..........#####...
..........#####..#.#.#.#.##......
.#.#.#.#.................#.......
..........##.....#########.#.#.#.
.#.#.#.#..##.....# #.............
.........###.....# ,# ###.#.#.#.
.#.#.#.#........>###.# ##.......
.........###....@....# #..#.#.#.
.#.#.#.#..........#######........
.....................o....#####..
#..#...<..#####.........#######.#
,........., ##.........####.....
.........## ......#.#.#..........
...#**#.. ###.................. .
..*###.######...#.#.#.##.......
..#.##.....#............###......


There were no monsters in sight!

Vanquished Creatures
  Sigmund (D:3)
  A scorpion (D:4)
  A hound (D:4)
  An orc wizard (D:3)
  6 adders
  2 dart slugs
  6 orcs
  2 ball pythons
  4 bats
  7 endoplasms
  4 goblins
  2 hobgoblins
  4 jackals (D:1)
  3 quokkas (D:4)
  3 frilled lizards
  6 kobolds
  5 rats
58 creatures vanquished.

Vanquished Creatures (collateral kills)
  An orc (D:4)
1 creature vanquished.

Grand Total: 59 creatures vanquished

Notes
Turn   | Place    | Note
-------+----------+-------------------------------------------
     0 | D:1      | enile the Mayflytaur Wanderer began the quest for the Orb.
     0 | D:1      | enile set off with the following items: a +0 dagger, 3
                  | throwing nets, a scroll of fog, 8 boomerangs, a +0 leather
                  | armour, a scroll of summoning
     0 | D:1      | Reached XP level 1. HP: 25/25 MP: 2/2
     2 | D:1      | Found a runed translucent door.
   100 | D:1      | Glimpsed the power of Zot.
   176 | D:1      | Reached XP level 2. HP: 32/32 MP: 3/3
   500 | D:1      | Glimpsed the power of Zot.
   699 | D:2      | Glimpsed the power of Zot.
   705 | D:2      | Reached skill level 6 in Fighting
   821 | D:2      | Reached XP level 3. HP: 40/40 MP: 4/4
  1094 | D:2      | Glimpsed the power of Zot.
  1238 | D:3      | Reached XP level 4. HP: 39/49 MP: 5/5
  1291 | D:3      | Glimpsed the power of Zot.
  1334 | D:3      | Noticed Sigmund
  1340 | D:3      | Gained mutation: You have sharp toenails. [potion of
                  | mutation]
  1349 | D:3      | Killed Sigmund
  1350 | D:3      | Reached skill level 7 in Fighting
  1350 | D:3      | Reached XP level 5. HP: 21/57 MP: 6/6
  1350 | D:3      | Gained mutation: You regenerate magic rapidly. [Mayflytaur
                  | growth]
  1350 | D:3      | Reached XP level 6. HP: 24/66 MP: 7/7
  1585 | D:3      | Reached skill level 5 in Dodging
  1607 | D:3      | Reached skill level 1 in Stealth
  1686 | D:3      | Glimpsed the power of Zot.
  1748 | D:3      | Found a runed translucent door.
  1749 | D:3      | Noticed Crazy Yiuf
  1820 | D:4      | Noticed an orc warrior
  1884 | D:4      | Glimpsed the power of Zot.
  1895 | D:4      | Noticed a sky beast
  2281 | D:4      | Glimpsed the power of Zot.
  2377 | D:4      | Glimpsed the power of Zot.
  2378 | D:4      | Tarried too long and was consumed by Zot

Illustrated notes

Levels and vault maps discovered:
D:1:      dpeg_arrival_caged_fury, layout_basic,
          dreamdust_ecumenical_altar_angels_and_demons
D:2:      layout_loops_corners, chequers_decorated_corner
D:3:      layout_basic, uniq_crazy_yiuf_cottage, uniq_sigmund
D:4:      layout_rooms, serial_glass, glass_columns_b, glass_columns_a,
          glass_columns_c, glass_columns_b, glass_columns_a, glass_columns_a,
          glass_columns_c, glass_columns_c, glass_columns_b, glass_columns_b,
          glass_columns_a, glass_columns_b, glass_columns_c, glass_columns_b,
          item_on_display_b

Skill      XL: |  1  2  3  4  5  6 |
---------------+-------------------+-----
Fighting       | 6 7 |  7.0
Dodging        | 4 5 |  5.0
Stealth        | 4 |  4.0
Armour         | 2 |  2.0
Throwing       | |  2.6

Action                   |  1- 3 |  4- 6 || total
-------------------------+-------+-------++-------
Melee: Dagger            |   104 |       ||   104
       Whip              |    83 |   133 ||   216
       Punch             |     2 |     2 ||     4
       Kick              |       |    43 ||    43
Throw: Throwing net      |       |     3 ||     3
  Use: Potion            |       |     4 ||     4
       Scroll            |       |     3 ||     3
 Stab: Sleeping          |     1 |     2 ||     3
Armor: Leather armour    |    59 |    21 ||    80
Dodge: Dodged            |   155 |    87 ||   242

Table legend: (Time is in decaauts)
 A = Elapsed time spent in this place.
 B = Non-inter-level travel time spent in this place.
 C = Inter-level travel time spent in this place.
 D = Time resting spent in this place.
 E = Time spent auto-exploring this place.
 F = Levels seen in this place.
 G = Mean time per level.
                   A        B        C        D        E       F      G
               +--------+--------+--------+--------+--------+-----+--------+
         Total |   2399 |   2225 |    174 |      6 |   1204 |   4 |  599.8 |
       Dungeon |   2399 |   2225 |    174 |      6 |   1204 |   4 |  599.8 |
               +--------+--------+--------+--------+--------+-----+--------+

Top non-repeatable levels by time:
     D:4: 609 daAuts
     D:1: 601 daAuts
     D:3: 599 daAuts
     D:2: 589 daAuts
